 Dungeon Crawl Stone Soup version 0.27.0-1-g7a089689b8 (webtiles) character file.

Game seed: 10928415212214136624

9 Spectrina the Ducker (level 2, 0/18 HPs)
             Began as a Deep Elf Monk on Aug 9, 2021.
             Slain by an adder (5 damage)
             ... on level 3 of the Dungeon on Aug 10, 2021.
             The game lasted 00:02:01 (236 turns).

Spectrina the Ducker (Deep Elf Monk)                 Turns: 236, Time: 00:02:01

Health: 0/18       AC:  2    Str:  8    XL:     2   Next: 6%
Magic:  5/5        EV: 13    Int: 14    God:
Gold:   19         SH:  0    Dex: 17    Spells: 3/3 levels left

rFire    . . .     SeeInvis .   a - +1 short sword
rCold    + . .     Faith    .   (no shield)
rNeg     . . .     Spirit   .   b - +0 robe
rPois    .         Reflect  .   (no helmet)
rElec    .         Harm     .   (no cloak)
rCorr    .         Rampage  .   (no gloves)
Will     .....                  (no boots)
Stlth    ++........             (no amulet)
HPRegen  0.06/turn              d - ring of protection from cold
MPRegen  0.09/turn              (no ring)

@: no status effects
A: no striking features
a: no special abilities


You were on level 3 of the Dungeon.
You visited 1 branch of the dungeon, and saw 3 of its levels.

You collected 19 gold pieces.

Inventory:

Hand Weapons
 a - a +1 short sword (weapon)
Missiles
 g - 15 stones (quivered)
Armour
 b - a +0 robe (worn)
Jewellery
 d - a ring of protection from cold (left hand)
Potions
 f - a potion of flight {unknown}


   Skills:
 - Level 2.4 Fighting
 - Level 3.0 Short Blades
 - Level 3.6 Dodging
 - Level 2.4 Stealth
 + Level 1.1 Spellcasting
 * Level 1.5 Invocations


You had 3 spell levels left.
You didn't know any spells.
Your spell library was empty.

Dungeon Overview and Level Annotations

Branches:
Dungeon (3/15)

Altars:

Annotations:
D:2 Natasha


Message History

The jackal is moderately wounded.
The jackal bites you but does no damage. x2
You closely miss the jackal.
The jackal is moderately wounded.
The jackal barely misses you.
You hit the jackal but do no damage.
The jackal is moderately wounded.
The jackal closely misses you.
You closely miss the jackal.
The jackal is moderately wounded.
The jackal closely misses you.
You hit the jackal.
The jackal is heavily wounded.
The jackal bites you. The jackal barely misses you.
You barely miss the jackal.
The jackal is heavily wounded.
The jackal bites you but does no damage.
You hit the jackal.
You kill the jackal!
Okay, then.
A jackal is nearby!
Unknown command.
You see here 15 stones.
g - 15 stones
Found a fuming grey potion.
An adder, an orc and an orc wizard come into view.
The orc wizard is wielding a +2 vampiric dagger.
The orc wizard shouts!
The orc shouts!
The adder hisses angrily.
The orc wizard gestures at you while chanting.
The magic dart hits you!
* * * LOW HITPOINT WARNING * * *
As you read the scroll labelled ZUULE ERIDULOM, it crumbles to dust.
It is a scroll of enchant weapon.
Your +0 short sword glows red for a moment.
As you read the scroll labelled ONNEUTT EXKAOTZ, it crumbles to dust.
You hear a loud clanging noise!
It was a scroll of noise.
You hear a shout! x4; You hear a bark! x2; You hear a shout! x4
The adder bites you.
You die...

#.#########
##.##......
#.##......
########.##.h....
#..............†.
#..............##
#..............#8
#####................
#..S@................
#.###................
#.# #########.....##8
#.# #..#..###
#.......o #........
#..!.S.o. #..#.##.#
######### #..#.##†#
#. #. #.# # #. #.#


You could see an adder.

Vanquished Creatures
  A bat (D:3)
  An endoplasm (D:3)
  2 jackals (D:3)
  A ball python (D:3)
  5 frilled lizards (D:2)
10 creatures vanquished.

Notes
Turn   | Place    | Note
-------+----------+-------------------------------------------
     0 | D:1      | Spectrina the Deep Elf Monk began the quest for the Orb.
     0 | D:1      | Reached XP level 1. HP: 13/13 MP: 3/3
    62 | D:3      | Reached skill level 1 in Invocations
    66 | D:3      | Reached skill level 1 in Spellcasting
    92 | D:3      | Reached XP level 2. HP: 4/18 MP: 5/5
   141 | D:2      | Noticed Natasha
   236 | D:3      | Slain by an adder

Illustrated notes

Levels and vault maps discovered:
D:1:      amcnicky_arrival_flooded_fountain, layout_basic
D:2:      layout_basic, basic_altar, minmay_lizard_pond, uniq_natasha,
          uniq_crazy_yiuf_cottage
D:3:      layout_rooms, serial_corexii_hall, corexii_hall_statues_i,
          corexii_hall_statues_s, corexii_hall_statues_s,
          chequers_hall_statues_corner_a, corexii_hall_statues_deadend,
          corexii_hall_statues_s, uniq_ijyb

Skill      XL: |  1 |
---------------+----+-----
Invocations    | 1 |  1.5
Spellcasting   | 1 |  1.1
Fighting       | |  2.4
Short Blades   | |  3.0
Dodging        | |  3.6
Stealth        | |  2.4

Action                   || total
-------------------------++-------
Melee: Short sword       ||    27
  Use: Scroll            ||     2
Armor: Robe              ||     9
Dodge: Dodged            ||    44
